 Dungeon Crawl Stone Soup version 0.22.1-2-g9c5b331383 (webtiles) character file.

289 McIrco the Sneak (level 6, -4/46 HPs)
             Began as a Vampire Assassin on Jan 6, 2019.
             Slain by an orc
             ... wielding a +0 mace
              (9 damage)
             ... on level 4 of the Dungeon.
             The game lasted 00:10:45 (6696 turns).

McIrco the Sneak (Vampire Assassin)                 Turns: 6696, Time: 00:10:46

Health: -4/46      AC:  1    Str: 10    XL:     6   Next: 9%
Magic:  6/6        EV: 10    Int: 14    God:
Gold:   222        SH:  8    Dex: 17    Spells: 5/5 levels left

rFire    . . .     SeeInvis +   a - +2 dagger
rCold    + + .     Gourm    .   i - +0 shield
rNeg     + + +     Faith    .   c - +0 robe
rPois    ∞         Spirit   .   (no helmet)
rElec    .         Reflect  .   p - -2 cloak (curse)
rCorr    .         Harm     .   (no gloves)
MR       .....     Rnd*Tele +   (no boots)
Stlth    +++++++...             (no amulet)
HPRegen  0.00/turn              n - ring of teleportation (curse)
MPRegen  0.10/turn              j - ring of stealth

@: bloodless, non-regenerating
A: fangs 3, see invisible, unbreathing
a: Bat Form


You were on level 4 of the Dungeon.
You were bloodless.

You visited 1 branch of the dungeon, and saw 4 of its levels.

You collected 222 gold pieces.

Inventory:

Hand Weapons
 a - a +2 dagger (weapon)
 b - a +1 blowgun
Missiles
 e - 30 poisoned needles
 f - 2 curare-tipped needles
Armour
 c - a +0 robe (worn)
 d - a +0 cloak
 i - a +0 shield (worn)
 p - a cursed -2 cloak (worn)
 r - a cursed -1 ring mail
Jewellery
 j - a ring of stealth (right hand)
 n - a cursed ring of teleportation (left hand)
 t - an uncursed ring of magical power
 v - a cursed ring of attention {unknown}
Wands
 q - a wand of disintegration (14)
Scrolls
 h - a scroll of magic mapping
 m - a scroll of identify
Potions
 g - 11 potions of blood
 k - a potion of heal wounds
 l - a potion of degeneration {unknown}
 o - a potion of flight {unknown}
 s - a potion of agility {unknown}
 u - a potion of haste {unknown}
 w - a potion of curing {unknown}


   Skills:
 + Level 2.8 Fighting
 + Level 4.2 Short Blades
 + Level 2.0 Throwing
 + Level 1.9 Dodging
 - Level 7.0 Stealth
 * Level 2.5 Shields


You had 5 spell levels left.
You didn't know any spells.
Your spell library contained the following spells:

 Spells                   Type           Power        Failure   Level  Hunger
 Beastly Appendage        Tmut           #.....       82%         1    ##.....
 Sticks to Snakes         Tmut           #.......     91%         2    ###....
 Spider Form              Tmut/Pois      #.........   99%         3    ####...
 Ice Form                 Ice/Tmut       #.......     100%        4    #####..
 Blade Hands              Tmut           #.........   100%        5    ######.


Dungeon Overview and Level Annotations

Branches:
Dungeon (4/15)
 Temple: D:4-7

Altars:
Cheibriados
Hepliaklqana
Kikubaaqudgha
Yredelemnul


Innate Abilities, Weirdness & Mutations

You do not heal naturally.
You are immune to poison.
You have razor-sharp teeth.
You have supernaturally acute eyesight. (SInv)
You can survive without breathing.


Message History

You block the orc's attack.
You see here a trident.
You closely miss the orc.
The orc is almost dead.
You hit the orc. You bite the orc.
You draw the orc's blood!
You feel better.
You feel slightly less thirsty.
The orc is moderately wounded.
You block the orc's attack. The orc hits you with a club.
* * * LOW HITPOINT WARNING * * *
You closely miss the orc.
The orc is moderately wounded.
The orc hits you with a mace.
* * * LOW HITPOINT WARNING * * *
You hit the orc.
The orc is almost dead.
You block the orc's attack.
You hit the orc but do no damage.
The orc is almost dead.
The orc hits you with a mace!
You die...

.##............. #. #...>..#
........######## .. #.#.....
....###.# ##.## #.#.#..#
###.###.# #...# #......# #
#.....# #... #.#.##.# ###'### #..
#.#.##.# ##...## #.# #.#.##.#
##.....## ##o# #.#.##.#
##......<## ##o@# #>.....#
#.........####...###########...##
+.........+..(.................<.
#.........####...###########...##
##.......## #.........# #...%..
##.....## #.##.####.# ##..###.
##...## #.##.# #.# #.....#. ##'##
#.##.## #.# #.###.#.
#.#######.##..# #.# #.# #.#.


You could see 2 orcs.

Vanquished Creatures
  A scorpion (D:4)
  Crazy Yiuf (D:3)
  Ijyb (D:4)
  2 worker ants (D:4)
  3 adders
  2 oozes
  2 adder skeletons (D:4)
  2 worms (D:3)
  10 dart slugs (D:4)
  3 orcs
  10 bats
  2 giant cockroaches
  5 goblins
  5 hobgoblins
  2 jackals (D:4)
  9 kobolds
  A quokka (D:4)
  2 frilled lizards
  7 rats
70 creatures vanquished.

Notes
Turn   | Place    | Note
-------+----------+-------------------------------------------
     0 | D:1      | McIrco the Vampire Assassin began the quest for the Orb.
     0 | D:1      | Reached XP level 1. HP: 16/16 MP: 1/1
  2149 | D:1      | Reached skill level 6 in Stealth
  2202 | D:1      | Reached XP level 2. HP: 4/22 MP: 2/2
  3013 | D:2      | Reached XP level 3. HP: 25/27 MP: 3/3
  3203 | D:2      | Reached skill level 7 in Stealth
  3308 | D:3      | Found a basalt altar of Yredelemnul.
  3355 | D:3      | HP: 1/27 [worm (9)]
  4278 | D:3      | Found a snail-covered altar of Cheibriados.
  4307 | D:3      | Found an ancient bone altar of Kikubaaqudgha.
  4411 | D:3      | Reached skill level 1 in Shields
  4563 | D:3      | Found a hazy altar of Hepliaklqana.
  4671 | D:3      | Found a runed door.
  4676 | D:3      | Noticed Crazy Yiuf
  4700 | D:3      | Killed Crazy Yiuf
  4700 | D:3      | Reached XP level 4. HP: 26/33 MP: 4/4
  5139 | D:4      | Reached XP level 5. HP: 34/39 MP: 5/5
  5465 | D:4      | Noticed Ijyb
  5469 | D:4      | Killed Ijyb
  5880 | D:4      | Reached XP level 6. HP: 16/46 MP: 6/6
  6696 | D:4      | Slain by an orc

Skill      XL: |  1  2  3  4  5 |
---------------+----------------+-----
Stealth        | 6 7 |  7.0
Fighting       | 2 |  2.8
Shields        | 1 2 |  2.5
Short Blades   | 3 4 |  4.2
Throwing       | 2 |  2.0
Dodging        | |  1.9

Action                   |  1- 3 |  4- 6 || total
-------------------------+-------+-------++-------
Melee: Dagger            |    98 |    97 ||   195
       Bite              |     5 |    12 ||    17
 Fire: Blowgun           |    13 |       ||    13
  Use: Potion            |     2 |     2 ||     4
       Scroll            |       |     5 ||     5
 Stab: Sleeping          |    22 |    16 ||    38
  Eat: Corpse            |     1 |       ||     1
Armor: Robe              |    14 |     7 ||    21
Dodge: Dodged            |    30 |    15 ||    45
Block: Shield            |     4 |    28 ||    32
